 Dungeon Crawl Stone Soup version 0.23.2-40-g277498a001 (webtiles) character file.

Game seed: 9246961606637714891

15839 DildoBatman the Geomancer (level 12, -3/74 HPs)
             Began as a Formicid Wizard on Sept 27, 2019.
             Was a High Priest of Kikubaaqudgha.
             Slain by an orc warrior
             ... wielding a +0 battleaxe
              (5 damage)
             ... on level 2 of the Orcish Mines.
             The game lasted 00:53:29 (13429 turns).

DildoBatman the Geomancer (Formicid Wizard)        Turns: 13429, Time: 00:53:30

Health: -3/74      AC: 10    Str: 14    XL:     12   Next: 62%
Magic:  13/26      EV: 11    Int: 23    God:    Kikubaaqudgha [*****.]
Gold:   745        SH:  4    Dex:  9    Spells: 5/27 levels left

rFire    . . .     SeeInvis +   w - +9 halberd of Midsummer {vamp, *Noise MR+ Int+2}
rCold    . . .     Gourm    .   E - +0 buckler
rNeg     . . .     Faith    +   o - +4 troll leather armour
rPois    .         Spirit   .   (helmet unavailable)
rElec    .         Reflect  .   T - +0 cloak {+Inv}
rCorr    .         Harm     .   (no gloves)
MR       ++++.                  I - +0 pair of boots
Stlth    ++........             S - amulet of faith
HPRegen  0.62/turn              s - ring of protection from magic
MPRegen  0.20/turn              N - ring of protection from magic

@: no status effects
A: permanent stasis, dig shafts and tunnels, four strong arms, antennae 3,
hooves 1, high mp 1, evolution 1
a: Dig, Shaft Self, Receive Corpses, Torment, Renounce Religion, Evoke
Invisibility


You were on level 2 of the Orcish Mines.
You worshipped Kikubaaqudgha.
Kikubaaqudgha was extremely pleased with you.
You were very hungry.

You visited 3 branches of the dungeon, and saw 14 of its levels.
You also visited: Ice Cave.

You collected 841 gold pieces.
You spent 96 gold pieces at shops.

Inventory:

Hand Weapons
 a - the +6 hunting sling of the Hills {freeze, Str+6}
   (You found it on level 4 of the Dungeon)

   It causes projectiles fired from it to freeze those they strike, causing
   extra injury to most foes and up to half again as much damage against
   particularly susceptible opponents.
   They can also slow down cold-blooded creatures.
   It affects your strength (+6).
 w - the +9 halberd of Midsummer (weapon) {vamp, *Noise MR+ Int+2}
   (You found it on level 11 of the Dungeon)

   It inflicts no extra harm, but heals its wielder when it wounds a living foe.
   It affects your intelligence (+2).
   It affects your resistance to hostile enchantments.
   It may make noises in combat.
Missiles
 h - 312 stones
 k - 94 bolts
 l - 150 arrows
 p - 41 sling bullets
 O - 3 throwing nets (quivered)
Armour
 o - a +4 troll leather armour (worn)
 E - a +0 buckler (worn)
 I - a +0 pair of boots (worn)
 Q - a +0 shield
 T - a +0 cloak of invisibility (worn)
Jewellery
 s - a ring of protection from magic (left hand)
 N - a ring of protection from magic (right hand)
 S - an amulet of faith (around neck)
Wands
 i - a wand of flame (21)
 q - a wand of paralysis (15)
 B - a wand of disintegration (26)
 X - a wand of iceblast (7)
Scrolls
 b - a scroll of fear {unknown}
 d - 3 scrolls of immolation
 j - 2 scrolls of blinking {unknown}
 n - a scroll of brand weapon {unknown}
 u - 3 scrolls of amnesia
 x - 4 scrolls of remove curse
 y - 2 scrolls of fog
 z - a scroll of identify
 C - 3 scrolls of magic mapping
 G - 2 scrolls of noise {unknown}
 L - a scroll of vulnerability {unknown}
 P - a scroll of acquirement {unknown}
 U - 2 scrolls of random uselessness {unknown}
 Z - 2 scrolls of enchant weapon {unknown}
Potions
 c - 3 potions of curing
 f - a potion of mutation
 g - a potion of haste {unknown}
 m - 4 potions of lignification
 D - a potion of degeneration {unknown}
 F - a potion of berserk rage {unknown}
 H - 3 potions of brilliance {unknown}
 J - a potion of heal wounds {unknown}
 K - 3 potions of agility
 R - a potion of cancellation {unknown}
 V - a potion of magic {unknown}
 Y - 3 potions of might
Miscellaneous
 e - a box of beasts
Comestibles
 v - 28 rations


   Skills:
 * Level 4.9 Polearms
 - Level 5.0 Slings
 - Level 1.7 Dodging
 - Level 2.4 Stealth
 * Level 4.6 Shields
 - Level 8.0 Spellcasting
 - Level 6.0 Conjurations
 - Level 4.0 Charms
   Level 1.0 Summonings
 * Level 8.5 Necromancy
   Level 0.8 Translocations
 - Level 5.0 Fire Magic
 - Level 5.0 Air Magic
 - Level 9.0 Earth Magic
 - Level 6.0 Poison Magic


You had 5 spell levels left.
You knew the following spells:

 Your Spells              Type           Power        Failure   Level  Hunger
a - Conjure Flame         Conj/Fire      ####....     2%          3    None
b - Borgnjor's Vile Clut  Necr/Erth      #####.....   7%          5    #####..
c - Magic Dart            Conj           ####         1%          1    None
d - Regeneration          Chrm/Necr      #####.....   1%          3    None
e - Mephitic Cloud        Conj/Pois/Air  #####...     2%          3    None
h - Dispel Undead         Necr           #####...     8%          5    #####..
z - Sublimation of Blood  Necr           #####.....   1%          2    None

Your spell library contained the following spells:

 Spells                   Type           Power        Failure   Level  Hunger
 Animate Skeleton         Necr           N/A          1%          1    None
 Pain                     Necr           ####         1%          1    None
 Sting                    Conj/Pois      ####         1%          1    None
 Poisonous Vapours        Pois/Air       ####..       1%          2    None
 Apportation              Tloc           ##....       6%          1    None
 Summon Small Mammal      Summ           ##..         6%          1    None
 Olgreb's Toxic Radiance  Pois           #####...     8%          4    ###....
 Confusing Touch          Hex            #.....       9%          1    None
 Call Imp                 Summ           ##......     9%          2    None
 Bolt of Draining         Conj/Necr      #####.....   12%         5    #####..
 Slow                     Hex            #.......     13%         2    None
 Venom Bolt               Conj/Pois      #####.....   21%         5    #####..
 Death Channel            Necr           #####.....   38%         6    ######.
 Simulacrum               Ice/Necr       ####......   93%         6    ######.
 Blink                    Tloc           Unusable     N/A         2    N/A

Dungeon Overview and Level Annotations

Branches:
Dungeon (11/15)            Temple (1/1) D:6            Lair (0/6) D:10
    Orc (2/2) D:11
    Elf: Orc:2

Altars:
Ashenzari
Cheibriados
Dithmenos
Elyvilon
Fedhas
Gozag
Hepliaklqana
Kikubaaqudgha
Makhleb
Nemelex Xobeh
Okawaru
Qazlal
Ru
Sif Muna
Trog
Uskayaw
Vehumet
Wu Jian
Xom
Yredelemnul
Zin
The Shining One

Shops:
D:9 *

Annotations:
Orc:2 Saint Roka


Innate Abilities, Weirdness & Mutations

You cannot be hasted, slowed, berserked, paralysed or teleported.
You can dig through walls and to a lower floor.
Your four strong arms can wield two-handed weapons with a shield.
You have a pair of large antennae on your head. (SInv)
You have large cloven feet.
You have an increased reservoir of magic. (+10% MP)
You evolve.


Message History

The orc wizard no longer looks unusually strong.
The orc wizard casts a spell at you. The magic dart hits you.
You feel better.
The orc warrior no longer looks unusually strong.
You extend your mandibles.
You dig through the rock wall.
The orc wizard gestures wildly while chanting.
The orc wizard blinks!
The ogre barely misses you.
The orc priest invokes the aid of Beogh against you.
Beogh smites you!
You dig through the rock wall.
You are feeling very hungry.
The orc priest no longer looks unusually strong.
The orc no longer looks unusually strong.
You dig through the rock wall.
The orc warrior hits you with a +0 battleaxe.
You die...
Kikubaaqudgha rasps: "You have failed me!
Welcome... death!"

...$.....$.....
...............
.$..^...........
...#............
#..............
o......##......
......###.....##
..#..^.#...#..O###
............#..#@#
#...........O.#o##
###.#.........O##
####.....o.o....##
.##........o.....#
#o§.o....O.o.#..##
o##..............#
{####...........##
.$ #.............#


You could see an orc knight, an orc warrior, 2 ogres, an orc priest and an orc.

Vanquished Creatures
  An orc warlord (Orc:1)
  A two-headed ogre (D:11)
  A necromancer (IceCv)
  2 ugly things (D:11)
  Pikel (D:9)
  4 orc sorcerers
  A cyclops (D:11)
  2 centaur skeletons
  2 ice statues (IceCv)
  A komodo dragon (D:10)
  7 ice devils (IceCv)
  3 trolls
  5 hungry ghosts
  A steam dragon (D:9)
  Menkaure (D:5)
  A warg (Orc:1)
  3 ice beasts
  8 orc warriors
  4 slaves (D:9)
  3 sky beasts
  An eye of draining (D:11)
  3 phantoms
  A black bear (D:9)
  10 ogres
  3 centaurs
  A big kobold (D:7)
  Blork the orc (D:4)
  5 bullfrogs
  6 scorpions
  8 wights
  5 howler monkeys
  8 crimson imps
  2 draconian simulacra (IceCv)
  A centaur zombie (D:6)
  A bullfrog skeleton (D:9)
  5 orc priests
  4 jellies
  6 hounds
  12 orc wizards
  Ijyb (D:3)
  3 iguanas
  A troll simulacrum (IceCv)
  2 worker ants
  A spriggan simulacrum (IceCv)
  A centaur simulacrum (IceCv)
  A hound skeleton (D:5)
  A worker ant zombie (D:11)
  A howler monkey skeleton (D:6)
  2 naga simulacra (IceCv)
  3 ogre simulacra (IceCv)
  14 adders
  A gnoll (D:5)
  4 shadow imps
  3 adder skeletons
  A worm (D:3)
  3 dart slugs
  3 leopard geckos
  41 orcs
  6 bats
  3 giant cockroaches
  10 goblins
  8 hobgoblins
  3 jackals (D:9)
  2 kobolds (D:1)
  6 quokkas
  A ball python (D:1)
  4 frilled lizards
  A quokka skeleton (D:8)
  4 rats
270 creatures vanquished.

Vanquished Creatures (others)
  An orc wizard (Orc:2)
  3 plants (D:10)
4 creatures vanquished.

Grand Total: 274 creatures vanquished

Notes
Turn   | Place    | Note
-------+----------+-------------------------------------------
     0 | D:1      | DildoBatman the Formicid Wizard began the quest for the
                  | Orb.
     0 | D:1      | Reached XP level 1. HP: 13/13 MP: 4/4
    32 | D:1      | Reached skill level 1 in Conjurations
   439 | D:1      | Reached XP level 2. HP: 19/19 MP: 0/6
  1506 | D:2      | Reached XP level 3. HP: 17/24 MP: 1/7
  1566 | D:2      | Learned a level 3 spell: Conjure Flame
  1570 | D:2      | Learned a level 3 spell: Mephitic Cloud
  1857 | D:2      | Reached XP level 4. HP: 30/30 MP: 3/8
  2441 | D:3      | Found a white marble altar of Elyvilon.
  2857 | D:3      | Noticed Ijyb
  3008 | D:3      | Reached XP level 5. HP: 35/35 MP: 7/9
  3405 | D:4      | Noticed an ogre
  3538 | D:4      | Noticed Blork the orc
  3550 | D:4      | Got a shimmering hunting sling
  3551 | D:4      | Identified the +6 hunting sling of the Hills {freeze,
                  | Str+6} (You found it on level 4 of the Dungeon)
  3825 | D:4      | Reached skill level 1 in Slings
  4031 | D:5      | Entered Level 5 of the Dungeon
  4124 | D:5      | Noticed a phantom
  4490 | D:6      | Found a staircase to the Ecumenical Temple.
  4500 | Temple   | Entered the Ecumenical Temple
  4520 | Temple   | Became a worshipper of Kikubaaqudgha
  4816 | D:4      | Killed an ogre
  4816 | D:4      | Reached skill level 1 in Fire Magic
  4816 | D:4      | Reached XP level 6. HP: 41/41 MP: 10/10
  4897 | D:4      | Killed Blork the orc
  5015 | D:4      | Reached XP level 7. HP: 46/46 MP: 7/11
  5191 | D:3      | Killed Ijyb
  5191 | D:3      | Reached skill level 5 in Conjurations
  5206 | D:3      | Found a basalt altar of Yredelemnul.
  5268 | D:5      | Noticed Menkaure
  5357 | D:5      | Killed Menkaure
  5357 | D:5      | Reached skill level 5 in Slings
  5357 | D:5      | Reached XP level 8. HP: 28/52 MP: 10/12
  5432 | D:5      | Reached skill level 1 in Poison Magic
  5479 | D:5      | Reached skill level 1 in Air Magic
  6032 | D:6      | Reached * piety under Kikubaaqudgha
  6032 | D:6      | Identified Kikubaaqudgha's Grimoire of Unholy Secrets
                  | (Kikubaaqudgha gifted it to you on level 6 of the Dungeon)
  6032 | D:6      | Received a gift from Kikubaaqudgha
  6478 | D:6      | Reached XP level 9. HP: 57/57 MP: 11/15
  6874 | D:7      | Reached skill level 5 in Fire Magic
  7139 | D:7      | Reached skill level 5 in Poison Magic
  7531 | D:7      | Found an opulent altar of Gozag.
  7895 | D:8      | Reached ** piety under Kikubaaqudgha
  7917 | D:8      | Reached skill level 5 in Air Magic
  8408 | D:8      | Learned a level 2 spell: Sublimation of Blood
  8412 | D:8      | Learned a level 3 spell: Regeneration
  8430 | D:9      | Reached XP level 10. HP: 63/63 MP: 17/17
  8440 | D:9      | Reached skill level 5 in Spellcasting
  8463 | D:9      | Noticed Pikel
  8501 | D:9      | Killed Pikel
  8610 | D:9      | Found a glowing golden altar of the Shining One.
  8611 | D:9      | Found an iron altar of Okawaru.
  8677 | D:9      | Reached skill level 1 in Charms
  8677 | D:9      | Reached skill level 1 in Necromancy
  9063 | D:9      | Found Pessiliw's General Store.
  9072 | D:9      | Bought a scroll of identify for 32 gold pieces
  9072 | D:9      | Bought a scroll of fog for 32 gold pieces
  9072 | D:9      | Bought a scroll of identify for 32 gold pieces
  9292 | D:9      | Got a heavily runed ring mail
  9333 | D:9      | Reached *** piety under Kikubaaqudgha
  9333 | D:9      | Identified Kikubaaqudgha's Incunabulum of Necromancy
                  | (Kikubaaqudgha gifted it to you on level 9 of the Dungeon)
  9333 | D:9      | Received a gift from Kikubaaqudgha
  9341 | D:9      | Learned a level 5 spell: Dispel Undead
  9347 | D:9      | Learned a level 5 spell: Borgnjor's Vile Clutch
  9401 | D:9      | Found a burning altar of Makhleb.
  9828 | D:10     | Entered Level 10 of the Dungeon
  9835 | D:10     | Reached skill level 1 in Earth Magic
 10065 | D:10     | Reached skill level 2 in Earth Magic
 10125 | D:10     | Identified the +3 ring mail of Atsanasch {+Fly rPois rC+
                  | Dex-2} (You found it on level 9 of the Dungeon)
 10217 | D:10     | Found a staircase to the Lair.
 10218 | D:10     | Noticed a komodo dragon
 10282 | D:10     | Killed a komodo dragon
 10282 | D:10     | Reached skill level 1 in Shields
 10488 | D:10     | Reached XP level 11. HP: 60/68 MP: 16/22
 10789 | D:11     | Reached skill level 3 in Earth Magic
 10822 | D:11     | Noticed a cyclops
 10838 | D:11     | Noticed a white ugly thing
 10841 | D:11     | Killed a cyclops
 10847 | D:11     | Killed a white ugly thing
 10847 | D:11     | Reached skill level 4 in Earth Magic
 10962 | D:11     | Reached skill level 5 in Necromancy
 10977 | D:11     | Found a frozen archway.
 11002 | IceCv    | Entered an ice cave
 11102 | IceCv    | Reached skill level 5 in Earth Magic
 11177 | IceCv    | Reached **** piety under Kikubaaqudgha
 11690 | IceCv    | Reached skill level 6 in Earth Magic
 12058 | IceCv    | Noticed a necromancer
 12066 | IceCv    | Killed a necromancer
 12066 | IceCv    | Reached skill level 7 in Earth Magic
 12069 | IceCv    | Got an ancient hand axe
 12071 | IceCv    | Got a brightly glowing robe
 12073 | IceCv    | Got a spiked leather armour
 12084 | IceCv    | Got a sheer robe
 12173 | D:11     | Identified the +5 hand axe "Ohyneroh" {chop, Fragile rN+
                  | MR+ SInv} (You found it in an ice cave)
 12185 | D:11     | Identified the +1 robe "Fuhe Apa" {rF++} (You found it in
                  | an ice cave)
 12195 | D:11     | Identified the +2 leather armour of the Boiling Point {+Fly
                  | rC- Dex+4} (You found it in an ice cave)
 12205 | D:11     | Identified the cursed +1 robe "Yvomnimy" {MP+9 Str+3} (You
                  | found it in an ice cave)
 12223 | D:11     | Gained mutation: You evolve. [potion of mutation]
 12223 | D:11     | Gained mutation: You have an increased reservoir of magic.
                  | (+10% MP) [potion of mutation]
 12337 | D:11     | Got a bloodstained halberd
 12340 | D:11     | Identified the +9 halberd of Midsummer {vamp, *Noise MR+
                  | Int+2} (You found it on level 11 of the Dungeon)
 12732 | D:11     | Gained mutation: You have large cloven feet. [evolution]
 12872 | D:11     | Noticed a purple ugly thing
 12878 | D:11     | Noticed a two-headed ogre
 12882 | D:11     | Killed a purple ugly thing
 12882 | D:11     | Reached skill level 1 in Polearms
 12893 | D:11     | Killed a two-headed ogre
 12893 | D:11     | Reached XP level 12. HP: 74/74 MP: 12/26
 12944 | D:11     | Found a staircase to the Orcish Mines.
 13035 | Orc:1    | Entered Level 1 of the Orcish Mines
 13120 | Orc:1    | Reached skill level 8 in Earth Magic
 13140 | Orc:1    | Noticed an orc warlord
 13191 | Orc:1    | Reached ***** piety under Kikubaaqudgha
 13227 | Orc:1    | Killed an orc warlord
 13320 | Orc:2    | Entered Level 2 of the Orcish Mines
 13338 | Orc:2    | Reached skill level 9 in Earth Magic
 13380 | Orc:2    | Noticed Saint Roka
 13402 | Orc:2    | Found a radiant altar of Vehumet.
 13427 | Orc:2    | HP: 1/74 [orc priest/divine providence (14)]
 13429 | Orc:2    | Slain by an orc warrior

Skill      XL: |  1  2  3  4  5  6  7  8  9 10 11 12 |
---------------+-------------------------------------+-----
Conjurations   | 1 2 3 4 5 6 |  6.0
Slings         | 3 5 |  5.0
Fire Magic     | 1 2 3 4 5 |  5.0
Poison Magic   | 3 6 |  6.0
Air Magic      | 1 5 |  5.0
Spellcasting   | 4 7 8 |  8.0
Charms         | 3 4 |  4.0
Necromancy     | 3 7 8 |  8.5
Earth Magic    | 2 7 9 |  9.0
Shields        | 1 4 |  4.6
Polearms       | 2 4 |  4.9
Dodging        | |  1.7
Stealth        | |  2.4
Summonings     | |  1.0
Translocations | |  0.8

Action                   |  1- 3 |  4- 6 |  7- 9 | 10-12 || total
-------------------------+-------+-------+-------+-------++-------
Melee: Unarmed           |     3 |       |       |       ||     3
       Quarterstaff      |       |     4 |       |       ||     4
       Hunting sling     |       |       |       |     2 ||     2
       Halberd           |       |       |       |    94 ||    94
 Fire: Hunting sling     |       |    36 |   281 |   593 ||   910
 Cast: Magic Dart        |    77 |    66 |     3 |    10 ||   156
       Mephitic Cloud    |       |     2 |    12 |    28 ||    42
       Conjure Flame     |       |       |    12 |    41 ||    53
       Regeneration      |       |       |       |    24 ||    24
       Sublimation of Bl |       |       |       |    19 ||    19
       Borgnjor's Vile C |       |       |       |    22 ||    22
       Dispel Undead     |       |       |       |     4 ||     4
 Abil: Dig               |       |     6 |     4 |    25 ||    35
Evoke: Wand              |       |       |       |     5 ||     5
  Use: Scroll            |       |     3 |       |    15 ||    18
       Potion            |       |       |       |     2 ||     2
 Stab: Confused          |       |       |       |     1 ||     1
  Eat: Chunk             |     3 |    11 |    12 |    17 ||    43
       Ration            |       |       |       |     5 ||     5
Armor: Robe              |       |     9 |       |       ||     9
       Leather armour    |       |       |    13 |     4 ||    17
       Ring mail         |       |       |       |    50 ||    50
       Troll leather arm |       |       |       |    13 ||    13
Dodge: Dodged            |     6 |    28 |    38 |    87 ||   159
Block: Buckler           |       |       |       |    19 ||    19
